 Dungeon Crawl Stone Soup version 0.27.0-1-g7a089689b8 (webtiles) character file.

Game seed: 14601934241664653590

367 garrulousMonolith the Skirmisher (level 6, -2/39 HPs)
             Began as a Gargoyle Fighter on Aug 10, 2021.
             Was an Initiate of Okawaru.
             Slain by an orc priest (3 damage)
             ... on level 4 of the Dungeon.
             The game lasted 00:04:05 (3412 turns).

garrulousMonolith the Skirmisher (Gargoyle Fighter) Turns: 3412, Time: 00:04:05

Health: -2/39      AC: 14    Str: 16 (19) XL:     6   Next: 69%
Magic:  7/7        EV:  4    Int:  7 (10) God:    Okawaru [......]
Gold:   191        SH:  9    Dex:  9 (10) Spells: 5/5 levels left

rFire    . . .     SeeInvis .   a - +0 flail
rCold    . . .     Faith    .   o - +0 kite shield
rNeg     + . .     Spirit   .   m - +0 chain mail
rPois    ∞         Reflect  .   (no helmet)
rElec    +         Harm     .   (no cloak)
rCorr    .         Rampage  .   (no gloves)
Will     .....                  (no boots)
Stlth    ..........             (no amulet)
HPRegen  0.13/turn              (no ring)
MPRegen  0.10/turn              (no ring)

@: attractive
A: sickness immunity, AC +4, negative energy resistance 1, electricity
resistance, torment resistance 1, petrification resistance
a: Renounce Religion


You were on level 4 of the Dungeon.
You worshipped Okawaru.
Okawaru was noncommittal.
You visited 1 branch of the dungeon, and saw 4 of its levels.

You collected 191 gold pieces.

Inventory:

Hand Weapons
 a - a +0 flail (weapon)
Missiles
 e - 9 poisoned darts (quivered)
 f - 5 boomerangs
Armour
 m - a +0 chain mail (worn)
 o - a +0 kite shield (worn)
Magical Staves
 t - a staff of fire
Wands
 u - a wand of iceblast (11)
Scrolls
 b - a scroll of enchant weapon {unknown}
 d - a scroll of identify {unknown}
 g - 2 scrolls of summoning {unknown}
 h - a scroll of holy word {unknown}
 i - 2 scrolls of teleportation {unknown}
 j - 2 scrolls of amnesia {unknown}
 k - a scroll of fog {unknown}
 n - 3 scrolls of immolation {unknown}
 p - a scroll of vulnerability {unknown}


   Skills:
 + Level 4.5 Fighting
 * Level 4.4 Maces & Flails
 + Level 4.5 Armour
 + Level 4.4 Shields
 + Level 1.5 Invocations


You had 5 spell levels left.
You didn't know any spells.
Your spell library contained the following spells:

 Spells                   Type           Power      Damage    Failure   Level
 Conjure Flame            Conj/Fire      0%         6-21      100%        3
 Ignite Poison            Fire/Tmut/Pois 0%         N/A       100%        3
 Sticky Flame             Conj/Fire      0%         2d3       100%        4


Dungeon Overview and Level Annotations

Branches:
Dungeon (4/15)
 Temple: D:4-7

Altars:
Fedhas
Okawaru


Innate Abilities, Weirdness & Mutations

You are immune to sickness and miasma.
Your stone body is resilient. (AC +4)
You are immune to poison.
You resist negative energy. (rN+)
You are resistant to electric shocks. (rElec)
You are resistant to unholy torment.
You are immune to petrification.


Message History

The orc priest hits you but does no damage.
Something hits you but does no damage.
You hit the orc priest but do no damage.
The orc priest is severely wounded.
The orc hits you but does no damage.
The orc priest hits you but does no damage.
You block something's attack.
You hit the orc priest.
The orc priest is almost dead.
The orc hits you with a +0 club. The orc priest completely misses you.
Something hits you but does no damage. You block the orc's attack.
Your shield prevents you from hitting the orc priest.
The orc priest is almost dead.
The orc priest calls down the wrath of Beogh upon you.
You barely resist. You block something's attack. The orc completely misses you.
The orc priest hits you with a +0 flail.
You hear some strange, mumbled words.
You are confused.
You completely miss the orc priest.
The orc priest is almost dead.
The orc hits you but does no damage.
The orc priest mumbles some strange prayers to Beogh against you.
Beogh smites you!
* * * LOW HITPOINT WARNING * * *
Something hits you but does no damage.
It was a potion of magic.
Magic courses through your body. The orc hits you but does no damage.
The orc priest barely misses you. Something hits you but does no damage.
It was a potion of attraction.
You feel attractive to monsters. The orc hits you but does no damage.
The orc priest hits you but does no damage.
Something hits you but does no damage.
It was a potion of cancellation.
Your magical effects are unravelling.
You feel magically purged.
You feel less confused. The orc hits you but does no damage.
The orc priest hits you with a +0 flail.
You die...

#.#.#.#.#
........... .#
#.#.#.#.##.##o# #.#
# #..#.# #.#
###.#.#####. ...
.......... #.#
.#####...##o######.
..#
......!...oo{......
############..##@#
..............)..#
###.#.##......#..#
....#.##.####.#..#
....#.##.# #....#
##.##....# ##...#
##....#### #...#
.#..#.# ....#
.#..... .....


You could see an orc priest and 2 orcs.

Vanquished Creatures
  An ogre (D:4)
  A scorpion (D:3)
  A jelly (D:3)
  2 iguanas
  4 gnolls (D:2)
  3 adders
  An ufetubus (D:4)
  2 worms
  A dart slug (D:2)
  2 orcs (D:3)
  10 ball pythons
  4 bats
  7 endoplasms
  2 giant cockroaches (D:3)
  2 goblins
  6 hobgoblins
  3 jackals (D:2)
  6 kobolds
  2 quokkas
  7 frilled lizards
67 creatures vanquished.

Notes
Turn   | Place    | Note
-------+----------+-------------------------------------------
     0 | D:1      | garrulousMonolith the Gargoyle Fighter began the quest for
                  | the Orb.
     0 | D:1      | Reached XP level 1. HP: 14/14 MP: 1/1
   123 | D:1      | Found a faded altar of an unknown god.
   308 | D:1      | Reached XP level 2. HP: 19/19 MP: 2/2
   857 | D:2      | Reached XP level 3. HP: 16/23 MP: 3/3
  1146 | D:2      | Reached XP level 4. HP: 26/29 MP: 4/4
  1642 | D:2      | Reached XP level 5. HP: 33/33 MP: 5/5
  2130 | D:3      | Found a blossoming altar of Fedhas.
  2643 | D:3      | Found an iron altar of Okawaru.
  2717 | D:3      | Became a worshipper of Warmaster Okawaru
  3178 | D:4      | Reached XP level 6. HP: 38/38 MP: 6/6
  3219 | D:3      | Reached skill level 1 in Invocations
  3409 | D:4      | HP: 1/39 [orc priest/divine providence (15)]
  3412 | D:4      | Slain by an orc priest

Illustrated notes

Levels and vault maps discovered:
D:1:      ncdulo_halloftheorcs, layout_rooms, ebering_ecumenical_altar_rust
D:2:      minmay_skewed_foursquare, layout_loops_cross,
          chequers_serial_rivers_small_b
D:3:      layout_loops_cross, general_overflow_altar,
          mainiacjoe_overflow_alcove_4, minmay_misc_feat_plants,
          ebering_dispersal_statue_hall
D:4:      layout_basic, dancing_weapons_uskayaw

Skill      XL: |  1  2  3  4  5  6 |
---------------+-------------------+-----
Maces & Flails | 3 4 |  4.4
Fighting       | 4 |  4.5
Armour         | 4 |  4.5
Shields        | 4 |  4.4
Invocations    | 1 |  1.5

Action                   |  1- 3 |  4- 6 || total
-------------------------+-------+-------++-------
Melee: Flail             |    91 |   168 ||   259
Throw: Dart              |       |     4 ||     4
Evoke: Wand              |       |     1 ||     1
  Use: Potion            |     1 |     5 ||     6
Armor: Scale mail        |     5 |       ||     5
       Chain mail        |    77 |   119 ||   196
Dodge: Dodged            |    27 |    56 ||    83
Block: Kite shield       |    71 |   101 ||   172
